 Dungeon Crawl Stone Soup version 0.23.2-1-ga50397a (webtiles) character file.

Game seed: 6168287783916659993

39 Fortress the Digger (level 3, 0/24 HPs)
             Began as a Formicid Earth Elementalist on May 29, 2019.
             Slain by an adder (1 damage)
             ... on level 2 of the Dungeon.
             The game lasted 00:07:49 (1595 turns).

Fortress the Digger (Formicid Earth Elementalist)   Turns: 1595, Time: 00:07:49

Health: 0/24       AC:  2    Str: 12    XL:     3   Next: 70%
Magic:  0/7        EV: 12    Int: 15    God:
Gold:   37         SH:  0    Dex: 11    Spells: 7/8 levels left

rFire    . . .     SeeInvis +   f - +1 dagger (holy)
rCold    . . .     Gourm    .   (no shield)
rNeg     . . .     Faith    .   c - +0 robe
rPois    .         Spirit   .   (helmet unavailable)
rElec    .         Reflect  .   (no cloak)
rCorr    .         Harm     .   (no gloves)
MR       .....                  (no boots)
Stlth    ++........             (no amulet)
HPRegen  0.08/turn              (no ring)
MPRegen  0.10/turn              (no ring)

@: lethally poisoned (0 -> -5)
A: permanent stasis, dig shafts and tunnels, four strong arms, antennae 3
a: Dig, Shaft Self


You were on level 2 of the Dungeon.
You were not hungry.

You visited 1 branch of the dungeon, and saw 3 of its levels.

You collected 37 gold pieces.

Inventory:

Hand Weapons
 a - a +0 club
 f - a +1 dagger of holy wrath (weapon)
Missiles
 b - 38 stones (quivered)
Armour
 c - a +0 robe (worn)
Scrolls
 d - a scroll of fear {unknown}
 e - 2 scrolls of teleportation {unknown}
 g - a scroll of remove curse {unknown}
 h - 2 scrolls of identify {unknown}


   Skills:
 + Level 0.1 Fighting
 + Level 0.2 Maces & Flails
 - Level 1.7 Dodging
 - Level 2.4 Stealth
 + Level 3.1 Spellcasting
   Level 1.1 Transmutations
 + Level 4.4 Earth Magic


You had 7 spell levels left.
You knew the following spells:

 Your Spells              Type           Power        Failure   Level  Hunger
a - Sandblast             Erth           ###...       3%          1    #......

Your spell library contained the following spells:

 Spells                   Type           Power        Failure   Level  Hunger
 Passwall                 Tmut/Erth      ##......     10%         2    ##.....
 Stone Arrow              Conj/Erth      #.....       24%         3    ###....
 Petrify                  Tmut/Erth      ##......     52%         4    #####..
 Lee's Rapid Deconstruct  Erth           ###.......   65%         5    ######.


Dungeon Overview and Level Annotations

Branches:
Dungeon (3/15)

Altars:


Innate Abilities, Weirdness & Mutations

You cannot be hasted, slowed, berserked, paralysed or teleported.
You can dig through walls and to a lower floor.
Your four strong arms can wield two-handed weapons with a shield.
You have a pair of large antennae on your head. (SInv)


Message History

The adder is severely wounded.
The adder bites you.
You are poisoned.
The adder poisons you!
You hit the adder.
The adder is almost dead.
You feel sick. The adder misses you. x2
You miss the adder.
The adder is almost dead.
You feel sick. The adder bites you.
* * * LOW HITPOINT WARNING * * *
You miss the adder.
The adder is almost dead.
The adder barely misses you.
You hit the adder but do no damage.
The adder is almost dead.
The adder bites you.
* * * LOW HITPOINT WARNING * * *
The adder bites you.
You die...

#..........###
#............#
#........##..#
#.......##..##
##......#...##
#.......#.###
#.......#.# #
#.######..#
#..###.###..S@##
........#.†####
..........##
.........)....#
.>...>....###....
........!.# ##
..........#
..........#
.........##


You could see an adder.

Vanquished Creatures
  An adder (D:2)
  2 worms (D:2)
  A leopard gecko (D:1)
  A giant cockroach (D:1)
  2 goblins
  3 hobgoblins (D:1)
  2 jackals (D:2)
  3 kobolds (D:1)
  4 bats
  2 frilled lizards (D:1)
  5 rats
26 creatures vanquished.

Notes
Turn   | Place    | Note
-------+----------+-------------------------------------------
     0 | D:1      | Fortress the Formicid Earth Elementalist began the quest
                  | for the Orb.
     0 | D:1      | Reached XP level 1. HP: 13/13 MP: 3/3
    32 | D:1      | Reached skill level 4 in Earth Magic
   368 | D:1      | Reached XP level 2. HP: 19/19 MP: 0/5
  1453 | D:2      | Reached XP level 3. HP: 24/24 MP: 2/7
  1595 | D:2      | HP: 1/24 [adder (2)]
  1595 | D:2      | Slain by an adder

Skill      XL: |  1  2  3 |
---------------+----------+-----
Earth Magic    | 4 |  4.4
Spellcasting   | 3 |  3.1
Fighting       | |  0.1
Maces & Flails | |  0.2
Dodging        | |  1.7
Stealth        | |  2.4
Transmutations | |  1.1

Action                   || total
-------------------------++-------
Melee: Unarmed           ||    12
       Dagger            ||    19
       Club              ||     9
 Cast: Sandblast         ||    41
  Eat: Ration            ||     1
Armor: Robe              ||    16
Dodge: Dodged            ||    37
